 Dungeon Crawl Stone Soup version 0.31-a0-161-gb58dd9be76 (webtiles) character file.

Game seed: 9821863452063029839

80 qw the Shooter (level 4, 0/40 HPs)
             Began as a Naga Hunter on June 12, 2023.
             Slain by an adder (4 damage)
             ... on level 2 of the Dungeon.
             The game lasted 00:00:35 (1348 turns).

qw the Shooter (Naga Hunter)                        Turns: 1348, Time: 00:00:35

Health: 0/40       AC:  2    Str: 13    XL:     4   Next: 39%
Magic:  4/4        EV:  9    Int: 10    God:
Gold:   200        SH:  0    Dex: 16    Spells: 3/3 levels left

rFire   . . .        Y - +0 arbalest (heavy)
rCold   . . .        (shield currently unavailable)
rNeg    + . .        c - +0 leather armour
rPois   +            (no helmet)
rElec   .            (no cloak)
rCorr   .            (no gloves)
SInv    +            (no barding)
Will    .....        l - amulet of the acrobat
Stlth   ++           a - ring of positive energy
HPRegen 0.26/turn    (no ring)
MPRegen 0.09/turn

%: acrobat
@: lethally poisoned (0 -> -5), short of breath, very slow
A: AC +1, large, see invisible, deformed body, poison resistance, slowness 2,
spit poison 1, naga tail 1
a: Spit Poison


You were on level 2 of the Dungeon.
You visited 1 branch of the dungeon, and saw 3 of its levels.

You collected 200 gold pieces.


Innate Abilities, Weirdness & Mutations

Your serpentine skin is tough. (AC +1)
You have supernaturally acute eyesight. (SInv)
Armour fits poorly on your strangely shaped body.
Your system is resistant to poisons. (rPois)
You cover ground very slowly.
You can spit poison.
You have a snake-like lower body.


   Skills:
 + Level 2.4 Fighting
 - Level 5.0 Ranged Weapons
 - Level 1.5 Dodging
 - Level 1.5 Stealth


You had 3 spell levels left.
You didn't know any spells.
Your spell library was empty.

Inventory:

Hand Weapons
 Y - a +0 heavy arbalest (weapon)
Armour
 c - a +0 leather armour (worn)
Jewellery
 a - a ring of positive energy (left hand)
 l - an amulet of the acrobat (around neck)
Scrolls
 k - a scroll of identify
Potions
 b - a potion of invisibility {unknown}
 f - a potion of heal wounds
 h - a potion of lignification {unknown}

Dungeon Overview and Level Annotations

Branches:
Dungeon (3/15)

Altars:

Shops:
D:3 [


Message History

The adder bites you but does no damage. The adder bites you. x2
The adder closely misses you.
1343 ||| STAIRDANCE The adder closely misses you.
The adder misses you. The adder closely misses you.
The adder barely misses you.
You climb upwards.
You feel your willpower return.
There is a stone staircase leading down here.
Enter note:
Enter note:
Enter note:
Enter note:
Enter note:
Enter note: You shoot a bolt.
The bolt misses the adder.
You have got your breath back.
The adder bites you. The adder closely misses you.
The adder completely misses you. The adder barely misses you.
The adder misses you. The adder bites you.
1346 ||| INVOKING Spit Poison.
Aiming: Spit Poison (1% risk of failure)
Press: ? - help, Shift-Dir - straight line, f/p - adder The splash of poison misses the adder.
The adder bites you.
You are poisoned.
The adder poisons you! The adder bites you.
You are more poisoned.
The adder poisons you!
You shoot a bolt. The bolt barely misses the adder.
You feel very sick. The adder closely misses you. The adder bites you.
The adder barely misses you. The adder bites you.
The adder bites you but does no damage. The adder closely misses you.
You shoot a bolt. The bolt closely misses the adder.
You feel very sick. The adder barely misses you. The adder bites you.
The adder barely misses you. The adder bites you. The adder closely misses you.
The adder bites you.
You are lethally poisoned!
The adder poisons you! The adder bites you.
You die...

#.# ##.##.## # #.#
#.....#
#.########..####
##...##......#
#.###.#.###.## #.#
#.#.# #.# #.###.#.#
#.# ##...##S###.#
##.##.#@##.#
##....###S#.#
#....## ##..#
#.....###.#.#
#.#....#....#
#.#####.#...#
#.#.........#
#.#..####...########
#.#..# #..........#


You could see 2 adders.

Vanquished Creatures
  2 adders (D:2)
  3 worms (D:2)
  A dart slug (D:2)
  2 endoplasms (D:2)
  4 giant cockroaches
  3 hobgoblins
  5 jackals (D:1)
  2 quokkas (D:1)
  7 ball pythons
  8 bats
  5 frilled lizards
  3 goblins
  5 kobolds
50 creatures vanquished.

Notes
Turn   | Place    | Note
-------+----------+-------------------------------------------
     0 | D:1      | qw the Naga Hunter began the quest for the Orb.
     0 | D:1      | Reached XP level 1. HP: 19/19 MP: 1/1
     0 | D:1      | 0 ||| qw: Version: 0.2-a-29-gc1b59c4
     0 | D:1      | 0 ||| qw: Game counter: 4259
     0 | D:1      | 0 ||| qw: Always use a shield: true
     0 | D:1      | 0 ||| qw: God list: Okawaru
     0 | D:1      | 0 ||| qw: Allow faded altars: false
     0 | D:1      | 0 ||| qw: Do Orc after D:15 true
     0 | D:1      | 0 ||| qw: Do second Lair branch before Depths: true
     0 | D:1      | 0 ||| qw: Lair rune preference: random
     0 | D:1      | 0 ||| qw: Plans: Normal
     0 | D:1      | 0 ||| PLANNING D:1-11
    15 | D:1      | 15 ||| INVOKING Spit Poison.
    21 | D:1      | 21 ||| INVOKING Spit Poison.
    31 | D:1      | 31 ||| INVOKING Spit Poison.
    37 | D:1      | 37 ||| INVOKING Spit Poison.
    42 | D:1      | 42 ||| INVOKING Spit Poison.
   162 | D:1      | 162 ||| INVOKING Spit Poison.
   166 | D:1      | Reached skill level 4 in Ranged Weapons
   166 | D:1      | Reached XP level 2. HP: 20/26 MP: 2/2
   167 | D:1      | 167 ||| INVOKING Spit Poison.
   170 | D:1      | 170 ||| INVOKING Spit Poison.
   304 | D:1      | 304 ||| INVOKING Spit Poison.
   334 | D:1      | 334 ||| INVOKING Spit Poison.
   340 | D:1      | 340 ||| INVOKING Spit Poison.
   344 | D:1      | 344 ||| INVOKING Spit Poison.
   347 | D:1      | 347 ||| INVOKING Spit Poison.
   437 | D:1      | 437 ||| INVOKING Spit Poison.
   446 | D:1      | 446 ||| INVOKING Spit Poison.
   468 | D:1      | 468 ||| SWAPPING to +0 arbalest.
   469 | D:1      | 469 ||| INVOKING Spit Poison.
   470 | D:1      | 470 ||| DROPPING +0 shortbow.
   493 | D:1      | 493 ||| INVOKING Spit Poison.
   498 | D:1      | 498 ||| INVOKING Spit Poison.
   512 | D:1      | 512 ||| INVOKING Spit Poison.
   513 | D:1      | Reached XP level 3. HP: 32/32 MP: 3/3
   528 | D:1      | 528 ||| INVOKING Spit Poison.
   730 | D:1      | 730 ||| UPGRADING to ring of positive energy.
   731 | D:1      | 731 ||| READING scroll labelled ENYMNE YNKUSHRO.
   732 | D:1      | 732 ||| READING scroll labelled INWUEF ZOUWNAP.
   733 | D:1      | 733 ||| DRINKING 2 metallic purple potions.
   734 | D:1      | 734 ||| DROPPING scroll of butterflies.
   750 | D:2      | 750 ||| INVOKING Spit Poison.
   753 | D:2      | 753 ||| INVOKING Spit Poison.
   780 | D:2      | 780 ||| INVOKING Spit Poison.
   827 | D:2      | 827 ||| INVOKING Spit Poison.
   852 | D:2      | 852 ||| INVOKING Spit Poison.
   875 | D:2      | 875 ||| INVOKING Spit Poison.
   896 | D:2      | 896 ||| INVOKING Spit Poison.
   900 | D:2      | Reached skill level 5 in Ranged Weapons
   900 | D:2      | Reached XP level 4. HP: 39/39 MP: 4/4
   904 | D:2      | 904 ||| INVOKING Spit Poison.
   914 | D:2      | 914 ||| INVOKING Spit Poison.
   947 | D:2      | 947 ||| INVOKING Spit Poison.
   963 | D:2      | 963 ||| INVOKING Spit Poison.
   979 | D:2      | 979 ||| INVOKING Spit Poison.
   982 | D:2      | 982 ||| INVOKING Spit Poison.
  1236 | D:2      | 1236 ||| INVOKING Spit Poison.
  1255 | D:2      | 1255 ||| INVOKING Spit Poison.
  1291 | D:2      | 1291 ||| INVOKING Spit Poison.
  1307 | D:2      | 1307 ||| UPGRADING to amulet of the acrobat.
  1312 | D:2      | 1312 ||| READING scroll labelled ONYURPHO WIBEGIM.
  1313 | D:2      | 1313 ||| READING scroll labelled ZIDGHU JITYRUJ.
  1314 | D:2      | 1314 ||| READING scroll labelled SISTRU YFEI.
  1315 | D:2      | 1315 ||| READING scroll labelled NOURECKI YLEK.
  1316 | D:2      | 1316 ||| READING scroll labelled MINITO YS GAOW.
  1339 | D:3      | Found Ziot's Antique Armour Emporium.
  1340 | D:3      | 1340 ||| INVOKING Spit Poison.
  1341 | D:3      | 1341 ||| INVOKING Spit Poison.
  1343 | D:3      | 1343 ||| STAIRDANCE
  1346 | D:2      | 1346 ||| INVOKING Spit Poison.
  1348 | D:2      | HP: 7/40 [adder (4)]
  1348 | D:2      | Slain by an adder

Levels and vault maps discovered:
D:1:      minmay_arrival_diagonal_passages, layout_loops_ring
D:2:      layout_loops_ring
D:3:      layout_rooms, serial_shops, nicolae_shop_tiny_statue_garden

Skill      XL: |  1  2  3 |
---------------+----------+-----
Ranged Weapons | 4 5 |  5.0
Fighting       | |  2.4
Dodging        | |  1.5
Stealth        | |  1.5

Action                     |  1- 3 |  4- 6 || total
---------------------------+-------+-------++-------
   Fire: Shortbow          |    43 |       ||    43
         Arbalest          |    21 |    22 ||    43
Ability: Spit Poison       |    27 |    11 ||    38
    Use: Scroll            |     2 |     5 ||     7
         Potion            |     1 |       ||     1
 Armour: Leather armour    |    13 |     5 ||    18
  Dodge: Dodged            |    17 |    24 ||    41

Table legend:
 A = Non-vault XP
 B = Vault XP
 C = Vault XP percentage of total XP
 D = Non-vault monster count
 E = Vault monster count
 F = Vault count percentage of total count
                 A         B        C        D         E       F
            +---------+---------+-------+---------+---------+-------
      Total |     115 |       0 |   0.0 |      50 |       0 |   0.0
            +---------+---------+-------+---------+---------+-------
        D:1 |      41 |       0 |   0.0 |      26 |       0 |   0.0
        D:2 |      74 |       0 |   0.0 |      24 |       0 |   0.0
            +---------+---------+-------+---------+---------+-------
